 Dungeon Crawl Stone Soup version 0.22-a0-609-gfedc9ff (webtiles) character file.

79 Amnesiac the Magician (level 4, 0/24 HPs)
             Began as a Deep Elf Wizard on July 10, 2018.
             Succumbed to an orc's poison
             ... on level 4 of the Dungeon.
             The game lasted 00:02:35 (643 turns).

Amnesiac the Magician (Deep Elf Wizard)              Turns: 643, Time: 00:02:36

Health: 0/24       AC:  3    Str:  4    XL:     4   Next: 16%
Magic:  3/14       EV: 13    Int: 24    God:
Gold:   18         SH:  0    Dex: 13    Spells: 5/16 levels left

rFire    . . .     SeeInvis .   (no weapon)
rCold    . . .     Gourm    .   (no shield)
rNeg     . . .     Faith    .   a - +0 robe
rPois    .         Spirit   .   g - +0 helmet
rElec    .         Reflect  .   (no cloak)
rCorr    .         Harm     .   (no gloves)
MR       .....                  (no boots)
Stlth    ++........             (no amulet)
HPRegen  0.08/turn              (no ring)
MPRegen  0.14/turn              (no ring)

@: lethally poisoned (0 -> -11)
A: no striking features
a: no special abilities


You were on level 4 of the Dungeon.
You were not hungry.

You visited 1 branch of the dungeon, and saw 4 of its levels.

You collected 18 gold pieces.

Inventory:

Armour
 a - a +0 robe (worn)
 g - a +0 helmet (worn)
Potions
 h - a potion of brilliance {!q}
Comestibles
 d - 2 rations


   Skills:
 + Level 0.8 Fighting
 - Level 2.4 Dodging
 - Level 2.4 Stealth
 - Level 6.7 Spellcasting
 - Level 1.1 Conjurations
 - Level 1.1 Summonings
 - Level 1.1 Translocations


You had 5 spell levels left.
You knew the following spells:

 Your Spells              Type           Power        Failure   Level  Hunger
a - Magic Dart            Conj           ##..         4%          1    None
b - Call Imp              Summ           ##......     7%          2    None
e - Mephitic Cloud        Conj/Pois/Air  #.......     19%         3    None
s - Conjure Flame         Conj/Fire      ##......     19%         3    None
v - Blink                 Tloc           N/A          7%          2    None

Your spell library contained the following spells:

 Spells                   Type           Power        Failure   Level  Hunger
 Slow                     Hex            #.......     11%         2    None


Dungeon Overview and Level Annotations

Branches:
Dungeon (4/15)
 Temple: D:4-7

Altars:

Annotations:
D:3 Grinder


Message History

A beastly little devil appears in a puff of flame.
The orc misses you.
The orc priest casts a cantrip, but nothing happens.
The orc barely misses you. The orc hits you with a dagger.
Casting: Call Imp (safe; 8% risk of failure)
Confirm with . or Enter, or press ? or * to list all spells.
A beastly little devil appears in a puff of frigid air.
The orc hits you with a dagger of venom.
You are poisoned.
The orc hits you but does no damage. x2
What are your orders? t - Shout!
Orders for allies: a - Attack new target. p - Attack previous target. r - Retreat! s - Stop attacking. g - Guard the area. f - Follow me.
Anything else - Cancel.
Gang up on whom?
Press: ? - help, Dir - move target cursor, f/p - orc priest
Aim: an orc priest (lightly wounded) Attack!
You feel sick.
The orc hits you with a dagger of venom.
You are more poisoned.
The orc misses you. The orc barely misses you.
You swap places.
* * * LOW HITPOINT WARNING * * *
You feel sick.
The orc hits your white imp with a short sword.
The orc hits your white imp but does no damage.
Your crimson imp blinks!
The orc priest hits you.
* * * LOW HITPOINT WARNING * * *
The orc dies!
Casting: Call Imp (safe; 8% risk of failure)
Confirm with . or Enter, or press ? or * to list all spells.
Aiming: Mephitic Cloud (safe; 21% risk of failure)
Press: ? - help, Shift-Dir - straight line, f/p - orc priest
Aim: an orc priest (heavily wounded)
Okay, then.
Casting: Mephitic Cloud (safe; 21% risk of failure)
Confirm with . or Enter, or press ? or * to list all spells.
You blink.
* * * LOW HITPOINT WARNING * * *
You feel sick.
Your white imp gestures at the orc.
The puff of frost hits the orc.
The orc dies!
Your crimson imp blinks!
The orc priest hits your shadow imp.
Okay, then.
* * * LOW HITPOINT WARNING * * *
You feel sick.
Your white imp freezes the orc priest.
The orc priest hits your white imp.
* * * LOW HITPOINT WARNING * * *
You feel sick. The orc priest hits your white imp.
* * * LOW HITPOINT WARNING * * *
You feel sick.
A jackal comes into view.
The orc priest dies!
You have reached level 4!
You feel clever.
* * * LOW HITPOINT WARNING * * *
You feel sick.
Found an encrusted wooden wand.
You die...

/# ###########
... ..........#
....
#..........##....
#..........#..#..
#................
#.......@........
#..........###..
#........o.#
#..........#
#........5.##
##.....).)..#
#.....<..†.#
#........5.#
#.....(...h#


You could see an orc, a friendly white imp and a friendly shadow imp.

Vanquished Creatures
  An adder (D:2)
  A dart slug (D:3)
  A leopard gecko (D:1)
  2 bats
  A giant cockroach (D:3)
  3 goblins
  3 hobgoblins (D:3)
  2 frilled lizards
  A kobold (D:3)
  2 rats
17 creatures vanquished.

Vanquished Creatures (collateral kills)
  A crimson imp (D:3)
  An orc priest (D:4)
  2 adders (D:3)
  2 orcs (D:4)
  A goblin (D:3)
7 creatures vanquished.

Grand Total: 24 creatures vanquished

Notes
Turn   | Place    | Note
-------+----------+-------------------------------------------
     0 | D:1      | Amnesiac the Deep Elf Wizard began the quest for the Orb.
     0 | D:1      | Reached XP level 1. HP: 10/10 MP: 7/7
    66 | D:2      | Reached skill level 5 in Spellcasting
    70 | D:1      | Reached XP level 2. HP: 15/15 MP: 3/10
   175 | D:3      | Learned a level 2 spell: Blink
   178 | D:3      | Learned a level 2 spell: Call Imp
   319 | D:3      | Noticed Grinder
   350 | D:3      | Noticed a crimson imp
   366 | D:3      | Killed a crimson imp
   366 | D:3      | Reached skill level 6 in Spellcasting
   366 | D:3      | Reached XP level 3. HP: 19/19 MP: 4/12
   371 | D:3      | Learned a level 3 spell: Conjure Flame
   380 | D:3      | Learned a level 3 spell: Mephitic Cloud
   641 | D:4      | Reached XP level 4. HP: 2/24 MP: 3/14
   642 | D:4      | HP: 1/24 [poisoned by an orc]
   643 | D:4      | Succumbed to an orc's poison

Vault maps used:
D:1:      co_arrival_hexagon_in_a_hexagon, minmay_distorted
D:2:      first_ration, minmay_misc_feat_x, chequers_big_river
D:3:      cheibrodos_pilgrimage, uniq_grinder

Skill      XL: |  1  2 |
---------------+-------+-----
Spellcasting   | 5 6 |  6.7
Fighting       | |  0.8
Dodging        | |  2.4
Stealth        | |  2.4
Conjurations   | |  1.1
Summonings     | |  1.1
Translocations | |  1.1

Action                   |  1- 3 |  4- 6 || total
-------------------------+-------+-------++-------
Melee: Unarmed           |     2 |       ||     2
 Cast: Magic Dart        |    43 |       ||    43
       Call Imp          |     8 |       ||     8
       Conjure Flame     |     1 |       ||     1
       Mephitic Cloud    |     1 |       ||     1
       Blink             |     1 |       ||     1
  Use: Scroll            |     2 |       ||     2
       Potion            |     1 |       ||     1
Armor: Robe              |     9 |       ||     9
Dodge: Dodged            |    15 |       ||    15

Table legend:
 A = Spawn XP
 B = Non-spawn XP
 C = Spawn XP percentage of total XP
 D = Spawn monster count
 E = Non-spawn monster count
 F = Spawn count percentage of total count
 G = Total turns spent on level
                    A         B        C        D         E        F      G
               +---------+---------+-------+---------+---------+-------+---------
         Total |       0 |     113 |   0.0 |       0 |      24 |   0.0 |   643
               +---------+---------+-------+---------+---------+-------+---------
           D:1 |       0 |      11 |   0.0 |       0 |       6 |   0.0 |    68
           D:2 |       0 |      16 |   0.0 |       0 |       3 |   0.0 |   170
           D:3 |       0 |      59 |   0.0 |       0 |      12 |   0.0 |   389
           D:4 |       0 |      27 |   0.0 |       0 |       3 |   0.0 |    16
               +---------+---------+-------+---------+---------+-------+---------
